 Dungeon Crawl Stone Soup version 0.30-a0-883-g5ad918d77d (webtiles) character file.

Game seed: 12444561859116885390

1286 brknglss the Skirmisher (level 8, -6/48 HPs)
             Began as a Kobold Hunter on Mar 17, 2023.
             Was an Initiate of Dithmenos.
             Mangled by Duvessa
             ... wielding a +0 rapier
              (11 damage)
             ... on level 8 of the Dungeon.
             The game lasted 00:20:50 (6767 turns).

brknglss the Skirmisher (Kobold Hunter)             Turns: 6767, Time: 00:20:51

Health: -6/48      AC: 10    Str:  9    XL:     8   Next: 85%
Magic:  8/8        EV: 33    Int: 10    God:    Dithmenos [......]
Gold:   145        SH:  0    Dex: 26    Spells: 7/7 levels left

rFire   + . .      SeeInvis .    a - +0 shortbow
rCold   . . .      Faith    .    (shield currently unavailable)
rNeg    . . .      Spirit   .    x - +3 leather armour {rF+}
rPois   .          Reflect  .    (no helmet)
rElec   .          Rampage  .    f - +0 cloak
rCorr   .                        k - +2 pair of gloves
Will    .....                    (no boots)
Stlth   ++++                     n - amulet of the acrobat
HPRegen 0.28/turn                j - +6 ring of dexterity
MPRegen 0.11/turn                (no ring)

@: acrobatic
A: small, no large weapons, nightstalker 3
a: Renounce Religion


You were on level 8 of the Dungeon.
You worshipped Dithmenos.
Dithmenos was noncommittal.
You visited 2 branches of the dungeon, and saw 9 of its levels.

You collected 380 gold pieces.
You spent 235 gold pieces at shops.

Inventory:

Hand Weapons
 a - a +0 shortbow (weapon)
 q - a +3 dagger
Armour
 f - a +0 cloak (worn)
 k - a +2 pair of gloves (worn)
 x - a +3 leather armour of fire resistance (worn)
Jewellery
 j - a +6 ring of dexterity (left hand)
 n - an amulet of the acrobat (around neck)
Wands
 u - a wand of mindburst (12)
 w - a wand of flame (21)
 B - a wand of roots (9)
Scrolls
 b - 3 scrolls of immolation
 c - a scroll of brand weapon {unknown}
 e - 3 scrolls of enchant armour
 g - a scroll of poison {unknown}
 h - 2 scrolls of teleportation
 l - 2 scrolls of amnesia {unknown}
 m - a scroll of noise {unknown}
 o - a scroll of magic mapping {unknown}
 s - 3 scrolls of enchant weapon {unknown}
 v - 2 scrolls of fear {unknown}
 y - 2 scrolls of identify
 C - a scroll of torment {unknown}
Potions
 d - a potion of magic
 i - 2 potions of haste
 p - a potion of curing
 r - a potion of cancellation {unknown}
 t - 2 potions of flight {unknown}
 z - 2 potions of attraction {unknown}
 A - 2 potions of heal wounds {unknown}


   Skills:
 + Level 4.9 Fighting
 - Level 3.8 Short Blades
 * Level 9.3 Ranged Weapons
 - Level 3.0 Armour
 + Level 5.4 Dodging
 + Level 3.6 Stealth
 + Level 1.0 Invocations
 + Level 1.0 Evocations


You had 7 spell levels left.
You didn't know any spells.
Your spell library contained the following spells:

 Spells                   Type           Power      Damage    Failure   Level
 Apportation              Tloc           0%         N/A       45%         1
 Magic Dart               Conj           0%         1d3       45%         1
 Necrotise                Necr           0%         1d4       45%         1
 Summon Small Mammal      Summ           0%         N/A       45%         1
 Searing Ray              Conj           0%         2d4       61%         2
 Ozocubu's Armour         Ice            0%         N/A       83%         3
 Fulminant Prism          Conj/Hex       0%         3d5       99%         4
 Ozocubu's Refrigeration  Ice            0%         4d7       100%        7


Dungeon Overview and Level Annotations

Branches:
Dungeon (8/15)             Temple (1/1) D:5
   Lair: D:8-11

Altars:
Ashenzari
Cheibriados
Dithmenos
Elyvilon
Fedhas
Hepliaklqana
Makhleb
Nemelex Xobeh
Okawaru
Qazlal
Ru
Sif Muna
Trog
Uskayaw
Wu Jian
Xom
Yredelemnul
Zin

Shops:
D:3 [   D:6 *

Annotations:
D:8 Duvessa


Innate Abilities, Weirdness & Mutations

You are small and have problems with some larger weapons.
You are completely attuned to the shadows.


Message History

Duvessa completely misses you.
You shoot an arrow. The arrow hits Duvessa.
Duvessa is heavily wounded.
Duvessa hits you with a +0 rapier! x2
You are too injured to fight recklessly!
Duvessa completely misses you.
Duvessa rages.
Duvessa attacks as you move away! Duvessa hits you with a +0 rapier!
* * * LOW HITPOINT WARNING * * *
Duvessa hits you with a +0 rapier!
* * * LOW HITPOINT WARNING * * *
You feel yourself speed up. Duvessa completely misses you.
Duvessa attacks as you move away! Duvessa barely misses you.
Duvessa rages.
Duvessa attacks as you move away! Duvessa completely misses you.
Duvessa enters a dispersal trap!
You blink.
Duvessa blinks!
Duvessa rages.
Duvessa attacks as you move away! Duvessa hits you with a +0 rapier.
* * * LOW HITPOINT WARNING * * *
Duvessa attacks as you move away! Duvessa completely misses you.
Duvessa barely misses you.
Duvessa rages.
Your extra speed is starting to run out.
Duvessa rages.
There is a stone staircase leading down here.
Duvessa hits you with a +0 rapier.
* * * LOW HITPOINT WARNING * * *
You climb downwards.
There is a stone staircase leading up here.
Duvessa attacks as you move away! Duvessa misses you.
You feel yourself slow down.
It was a potion of magic.
Magic courses through your body. Duvessa misses you.
It was a potion of curing.
You feel better. Duvessa closely misses you. Duvessa hits you with a +0 rapier!
* * * LOW HITPOINT WARNING * * *
Duvessa completely misses you. Duvessa attacks as you move away!
Duvessa completely misses you. Duvessa attacks as you move away!
Duvessa hits you but does no damage. Duvessa hits you with a +0 rapier!
You die...

#.# #<#
#.# #.#
#.# #.#
#.#
#e#####
#.@....
#######


You could see Duvessa (berserk).

Vanquished Creatures
  Menkaure (D:6)
  2 black bears
  2 ogres
  A centaur (D:5)
  2 scorpions (D:5)
  Dowan (D:7)
  2 hounds
  6 iguanas
  Jessica (D:3)
  Natasha (thrice) (D:4)
  11 adders
  4 gnolls (D:5)
  A shadow imp (D:7)
  A white imp (D:6)
  An ufetubus (D:4)
  3 worms
  2 dart slugs
  7 orcs
  5 endoplasms
  5 giant cockroaches
  6 goblins
  8 hobgoblins
  9 kobolds
  5 quokkas
  7 ball pythons
  3 bats
  4 frilled lizards
  6 rats
109 creatures vanquished.

Notes
Turn   | Place    | Note
-------+----------+-------------------------------------------
     0 | D:1      | brknglss the Kobold Hunter began the quest for the Orb.
     0 | D:1      | Reached XP level 1. HP: 12/12 MP: 1/1
   155 | D:1      | Reached XP level 2. HP: 18/18 MP: 2/2
   376 | D:1      | Reached XP level 3. HP: 19/22 MP: 3/3
  1355 | D:2      | Reached skill level 6 in Ranged Weapons
  1439 | D:2      | Reached skill level 1 in Armour
  1439 | D:2      | Reached XP level 4. HP: 27/27 MP: 4/4
  2108 | D:3      | Found a blossoming altar of Fedhas.
  2315 | D:3      | Reached XP level 5. HP: 31/32 MP: 5/5
  2345 | D:3      | Found Zimil's Antique Armour Shoppe.
  2436 | D:3      | Noticed Jessica
  2442 | D:3      | Killed Jessica
  3089 | D:4      | Noticed Natasha
  3100 | D:4      | Killed Natasha
  3359 | D:4      | Noticed a black bear
  3521 | D:4      | Noticed Natasha
  3528 | D:4      | Killed Natasha
  3529 | D:4      | Reached skill level 7 in Ranged Weapons
  3529 | D:4      | Reached XP level 6. HP: 27/37 MP: 6/6
  3634 | D:4      | Noticed Natasha
  3637 | D:4      | Killed Natasha
  3638 | D:4      | Reached skill level 1 in Short Blades
  3851 | D:4      | Killed a black bear
  4036 | D:5      | Entered Level 5 of the Dungeon
  4044 | D:5      | Reached XP level 7. HP: 33/42 MP: 7/7
  4555 | D:5      | Reached skill level 8 in Ranged Weapons
  4762 | D:3      | Bought a bloodstained robe for 125 gold pieces
  4762 | D:3      | Identified the +2 robe of Serendipity {Rampage *Slow rPois
                  | Dex-2} (You bought it in a shop on level 3 of the Dungeon)
  4763 | D:3      | Bought a runed leather armour for 110 gold pieces
  5028 | D:5      | Reached XP level 8. HP: 35/48 MP: 8/8
  5188 | D:5      | Reached skill level 5 in Dodging
  5237 | D:5      | Found a staircase to the Ecumenical Temple.
  5243 | Temple   | Entered the Ecumenical Temple
  5294 | Temple   | Became a worshipper of Dithmenos the Shadowed
  5819 | D:6      | Reached skill level 9 in Ranged Weapons
  5827 | D:6      | Found a snail-covered altar of Cheibriados.
  5942 | D:6      | Found Eshri's Serpentskin Sales.
  5990 | D:6      | Noticed Menkaure
  6185 | D:6      | Killed Menkaure
  6524 | D:6      | Found a burning altar of Makhleb.
  6643 | D:7      | Found a white marble altar of Elyvilon.
  6707 | D:7      | Found a shimmering altar of Xom.
  6710 | D:7      | Noticed Duvessa
  6710 | D:7      | Noticed Dowan
  6715 | D:7      | Killed Dowan
  6716 | D:7      | Reached skill level 1 in Invocations
  6716 | D:7      | Reached skill level 1 in Evocations
  6767 | D:8      | Mangled by Duvessa

Illustrated notes

Levels and vault maps discovered:
D:1:      scummos_arrival_star, layout_basic
D:2:      layout_basic
D:3:      layout_basic, fedhas_altar_3, serial_shops, nicolae_shop_statue_plus,
          hangedman_feature_mirror, kennysheep_donut, kennysheep_big_empty_room,
          grunt_ministairs_15, uniq_jessica
D:4:      layout_cave_pools, uniq_natasha
D:5:      layout_basic, minmay_temple_entry_poolview
D:6:      layout_rooms, mainiacjoe_overflow_small_starburst,
          mainiacjoe_overflow_concentric_impassable, guppyfry_shop_venom,
          uniq_menkaure
D:7:      layout_basic, nicolae_kikubaaqudgha_miasma_corner,
          mainiacjoe_overflow_large_starburst, uniq_crazy_yiuf_cottage,
          uniq_maggie, uniq_duvessa
D:8:      layout_loops_ring, mainiacjoe_overflow_cross_hatched,
          gammafunk_ghost_cemetery
Temple:   nicolae_temple_ecumenical_triangle

Skill      XL: |  1  2  3  4  5  6  7  8 |
---------------+-------------------------+-----
Ranged Weapons | 6 7 8 9 |  9.3
Dodging        | 3 4 5 |  5.4
Armour         | 1 2 3 |  3.0
Fighting       | 3 4 |  4.9
Short Blades   | 2 3 |  3.8
Stealth        | 2 3 |  3.6
Invocations    | 1 |  1.0
Evocations     | 1 |  1.0

Action                     |  1- 3 |  4- 6 |  7- 9 || total
---------------------------+-------+-------+-------++-------
  Melee: Dagger            |       |    14 |       ||    14
   Fire: Shortbow          |    75 |   125 |   147 ||   347
  Evoke: Wand              |       |       |     4 ||     4
    Use: Potion            |       |     2 |     3 ||     5
         Scroll            |       |     4 |       ||     4
   Stab: Sleeping          |       |     2 |       ||     2
 Armour: Leather armour    |     4 |     9 |    27 ||    40
  Dodge: Dodged            |    32 |    65 |   100 ||   197

Table legend: (Time is in decaauts)
 A = Elapsed time spent in this place.
 B = Non-inter-level travel time spent in this place.
 C = Inter-level travel time spent in this place.
 D = Time resting spent in this place.
 E = Time spent auto-exploring this place.
 F = Levels seen in this place.
 G = Mean time per level.
                   A        B        C        D        E       F      G
               +--------+--------+--------+--------+--------+-----+--------+
         Total |   6825 |   6541 |    284 |   1297 |   4026 |   9 |  758.3 |
       Dungeon |   6765 |   6490 |    275 |   1297 |   4026 |   8 |  845.6 |
        Temple |     60 |     51 |      9 |      0 |      0 |   1 |   60.0 |
               +--------+--------+--------+--------+--------+-----+--------+

Top non-repeatable levels by time:
     D:5: 1635 daAuts
     D:3: 1208 daAuts
     D:1: 1152 daAuts
     D:2: 927 daAuts
     D:4: 882 daAuts
     D:6: 753 daAuts
     D:7: 197 daAuts
  Temple: 60 daAuts
     D:8: 7 daAuts
